Map: Galactic Process LE

Players

MythiC - Winner!

  • Race: Terran Terran
  • League: Grandmaster

RailyCoo

  • Race: Zerg Zerg
  • League: Diamond

VOD

Have the link to the VOD?

Description

Time

  • Played on: Sept. 19, 2016, 2:01 p.m.
  • Length: 11:56
Show
View Real Time Build Order
Export as new Build Order

MythiC Terran - Winner!

Build Orders: Reaper Expand, MMM Bio 

Get SALT Encoding   

  12  0:01  SCV  
  13  0:13  SCV  
  14  0:17  Supply Depot  
  14  0:25  SCV  
  15  0:39  SCV  
  15  0:41  Barracks  
  16  0:46  Refinery  
  16  0:51  SCV  
  17  1:03  SCV  
  18  1:15  SCV  
  19  1:28  Orbital Command  
  19  1:29  Reaper  
  20  1:44  Command Center  
  20  1:53  SCV  
  21  2:00  Barracks  
  21  2:05  SCV  
  21  2:08  Barracks Reactor  
  22  2:15  Supply Depot  
  22  2:17  SCV  
  23  2:25  Refinery  
  23  2:34  Factory  
  23  2:37  SCV  
  24  2:49  SCV  
  25  2:54  Marine x2, Barracks Tech Lab  
  27  3:01  SCV  
  27  3:04  Orbital Command  
  28  3:07  Bunker  
  28  3:11  Marine  
  28  3:12  Marine  
  30  3:13  SCV  
  30  3:16  Marine  
  32  3:20  Stimpack  
  32  3:25  SCV  
  33  3:29  Marine  
  33  3:30  SCV  
  33  3:32  Marine  
  36  3:37  Supply Depot, SCV  
  36  3:39  Marine  
  38  3:43  SCV  
  39  3:49  SCV  
  39  3:55  SCV  
  41  3:58  Factory Reactor  
  41  3:59  Marine x2  
  41  4:00  Marine  
  41  4:01  Starport, SCV  
  45  4:07  SCV  
  46  4:11  Supply Depot  
  46  4:13  SCV  
  46  4:17  Marine  
  47  4:18  Marine x2  
  47  4:19  SCV  
  51  4:25  SCV  
  51  4:30  Supply Depot  
  53  4:31  SCV  
  53  4:34  Marine  
  53  4:36  Marine x2  
  53  4:38  SCV  
  57  4:43  SCV  
  58  4:46  Medivac x2  
  58  4:47  Factory Tech Lab  
  58  4:52  SCV  
  63  5:02  Command Center  
  63  5:03  SCV  
  63  5:04  Supply Depot  
  63  5:05  Marine, Supply Depot  
  63  5:06  Marine  
  65  5:07  Siege Tank  
  65  5:09  Marine  
  65  5:10  SCV  
  70  5:14  Refinery  
  70  5:15  Refinery  
  70  5:21  Combat Shields  
  70  5:25  Viking  
  70  5:26  SCV x2  
  74  5:34  Marine x2  
  74  5:35  Marine, Engineering Bay x2  
  77  5:38  SCV x2  
  77  5:42  Supply Depot  
  79  5:44  Medivac  
  81  5:50  SCV  
  81  5:52  Marine, SCV  
  81  5:55  Medivac  
  81  5:56  Supply Depot  
  86  6:03  SCV  
  87  6:04  SCV  
  87  6:08  Marine  
  87  6:09  Marine  
  93  6:15  SCV  
  93  6:16  SCV  
  92  6:18  Barracks  
  92  6:19  Barracks x2  
  92  6:22  Factory Reactor  
  92  6:25  Terran Infantry Armor Level 1, Terran Infantry Weapons Level 1  
  92  6:27  Orbital Command  
  92  6:29  SCV  
  93  6:33  SCV  
  93  6:36  Supply Depot  
  93  6:39  Marine x3  
  97  6:46  SCV  
  98  6:47  SCV  
  99  6:57  Marine x2  
  99  6:58  SCV  
  99  7:00  SCV x2  
  104  7:02  Marine  
  104  7:08  Barracks Reactor x2  
  105  7:10  Refinery, SCV  
  105  7:12  SCV x2  
  108  7:19  Marine  
  108  7:20  Marine x2  
  108  7:22  Medivac x2  
  115  7:23  SCV  
  115  7:24  SCV  
  115  7:25  SCV  
  115  7:26  Supply Depot  
  118  7:35  Armory, SCV  
  118  7:37  Marine x2  
  118  7:38  Marine  
  118  7:40  Liberator  
  118  7:41  SCV  
  120  7:45  Marine x4  
  124  7:53  Liberator  
  124  7:54  Marine  
  124  7:55  Marine x4  
  132  8:03  Marine x3  
  129  8:07  Marine  
  133  8:14  Marine  
  133  8:15  Marine x3  
  133  8:16  Marine  
  123  8:20  SCV, Supply Depot  
  123  8:21  Marine, Supply Depot x2, SCV  
  123  8:24  Liberator  
  123  8:29  Marine x3, Factory Reactor  
  123  8:30  SCV  
  123  8:33  Command Center, SCV  
  128  8:34  Starport  
  128  8:35  Refinery, Barracks x2  
  128  8:36  Marine x4  
  128  8:37  Marine  
  128  8:39  Supply Depot  
  133  8:41  Marine  
  133  8:47  Marine x3  
  140  8:51  Liberator  
  140  8:54  Marine x2  
  142  8:56  SCV x2  
  142  9:00  Marine  
  142  9:01  Marine x2  
  147  9:07  Marine x3, Marauder, Widow Mine x2  
  159  9:10  Terran Infantry Weapons Level 2, Terran Infantry Armor Level 2  
  159  9:12  Marine  
  159  9:13  Starport Reactor  
  160  9:20  Marine x4  
  164  9:24  Marine  
  164  9:27  Liberator  
  164  9:30  Barracks Tech Lab x2  
  165  9:37  Liberator x2  
  165  9:44  Marine x6  
  165  9:45  Marauder, Supply Depot  
  176  9:46  Supply Depot  
  176  9:47  Supply Depot  
  176  9:50  Liberator  
  176  9:54  Marauder x2  
  176  9:55  Marine x2  
  188  10:02  Refinery  
  188  10:07  Marine x3, Marauder, Planetary Fortress, Widow Mine x2  
  188  10:10  Liberator  
  200  10:19  Ghost Academy  
  197  10:30  Liberator x2  
  197  10:32  Marine, Marauder  
  200  10:39  Marine  
  200  10:41  Marine x3, Marauder  
  198  10:43  Marauder  
  198  10:44  Marine  
  198  10:46  Marine x2, Widow Mine  
  198  10:47  Widow Mine  
  195  10:50  Marine  
  190  10:57  Marine  
  190  10:58  Marine  
  197  11:04  Ghost  
  197  11:05  Ghost x2  
  197  11:09  Barracks  
  196  11:13  Command Center  
Show
View Real Time Build Order
Export as new Build Order

RailyCoo Zerg 

Build Orders: Hatch First 

Get SALT Encoding   

  12  0:01  Drone  
  13  0:12  Overlord  
  13  0:17  Drone  
  14  0:31  Drone x2  
  17  0:35  Drone  
  17  0:54  Hatchery  
  16  0:57  Drone  
  16  1:01  Drone  
  18  1:05  Extractor  
  17  1:19  Spawning Pool  
  17  1:21  Drone  
  17  1:32  Drone x2  
  19  1:46  Overlord  
  19  2:05  Extractor  
  19  2:07  Queen x2  
  22  2:09  Zergling x4  
  22  2:12  Zergling x2  
  25  2:24  Zergling x6  
  25  2:28  Drone  
  29  2:33  Drone  
  30  2:38  Drone  
  31  2:50  Drone  
  31  3:01  Hatchery  
  31  3:03  Drone  
  31  3:04  Queen  
  33  3:18  Drone x2  
  33  3:19  Drone  
  36  3:20  Overlord  
  36  3:24  Overlord  
  36  3:40  Drone x4  
  40  3:42  Roach Warren  
  38  3:53  Lair  
  38  3:55  Drone  
  38  3:56  Drone x2  
  38  3:57  Drone  
  38  4:00  Drone  
  38  4:01  Drone  
  43  4:18  Queen  
  43  4:19  Drone  
  43  4:20  Drone x3  
  43  4:23  Extractor  
  47  4:24  Metabolic Boost  
  47  4:49  Zergling x2  
  47  4:50  Zergling x10  
  53  4:52  Drone  
  53  4:53  Drone x5  
  58  5:10  Overlord x2  
  58  5:11  Overlord  
  58  5:14  Evolution Chamber  
  58  5:16  Evolution Chamber  
  58  5:20  Roach  
  58  5:31  Roach x4  
  58  5:32  Roach  
  58  5:33  Drone x4  
  58  5:34  Drone x4  
  76  5:38  Spore Crawler  
  75  5:52  Zerg Melee Weapons Level 1  
  75  5:53  Zerg Ground Armor Level 1  
  75  5:54  Glial Reconstitution  
  73  6:05  Overlord x3  
  73  6:24  Ravager x3  
  76  6:26  Zergling x10  
  76  6:32  Extractor  
  80  6:33  Overlord x2  
  80  6:35  Extractor  
  80  6:36  Drone x2  
  81  6:47  Overlord x3  
  81  6:54  Overseer  
  81  6:59  Drone x3  
  81  7:00  Drone x3  
  87  7:02  Drone  
  87  7:03  Drone x2  
  87  7:04  Roach x2, Zergling x6  
  97  7:09  Extractor  
  97  7:12  Infestation Pit  
  95  7:25  Overlord x3  
  95  7:27  Queen  
  90  7:40  Zergling x4  
  90  7:41  Zergling x20  
  101  7:50  Hatchery  
  90  8:07  Zergling x8  
  90  8:08  Zergling x10  
  90  8:16  Roach x3  
  90  8:17  Roach  
  90  8:18  Hive  
  86  8:20  Infestor x3  
  86  8:25  Drone x2  
  93  8:31  Ravager  
  94  8:34  Drone  
  94  8:35  Drone x2  
  97  8:45  Zerg Melee Weapons Level 2  
  97  8:50  Zergling x2  
  97  8:51  Zergling x6  
  97  8:55  Drone x5  
  106  9:06  Zerg Ground Armor Level 2  
  106  9:11  Drone x3  
  106  9:12  Drone x2  
  106  9:16  Extractor  
  110  9:26  Roach  
  110  9:27  Roach x3, Zergling x6  
  110  9:28  Zergling x10  
  126  9:39  Roach x2  
  126  9:44  Drone  
  126  9:45  Ultralisk Cavern, Drone x5  
  135  9:58  Ravager x4  
  135  9:59  Zergling x10  
  144  10:03  Overlord x4  
  144  10:06  Extractor  
  143  10:09  Zergling x2  
  143  10:14  Extractor  
  143  10:21  Queen  
  95  10:52  Zergling x12  
  95  10:53  Zergling x16  
  79  11:02  Zergling x12  
  74  11:19  Hatchery  
Tags
 
Add a new tag
Caveats
  • Supply blocks, unpowered buildings, or Contaminate may cause inaccurate times.
  • Supply counts are checked every 10 seconds.